 Dungeon Crawl Stone Soup version 0.23.2 (webtiles) character file.

Game seed: 686709701921202199

53 Borgoz the Sneak (level 3, -1/29 (30) HPs)
             Began as a Ghoul Assassin on Apr 4, 2019.
             Slain by Crazy Yiuf
             ... wielding a +4 quarterstaff of chaos
              (7 damage)
             ... on level 2 of the Dungeon.
             The game lasted 00:03:37 (2321 turns).

Borgoz the Sneak (Ghoul Assassin)                   Turns: 2321, Time: 00:03:38

HP:   -1/29 (30)    AC:  8    Str: 14    XL:     3   Next: 87%
MP:   2/2           EV: 16    Int: 11    God:
Gold: 119           SH:  5    Dex: 16    Spells: 3/3 levels left

rFire    . . .     SeeInvis .   a - +2 dagger
rCold    + . .     Gourm    .   (no shield)
rNeg     + + +     Faith    .   q - +0 ring mail
rPois    ∞         Spirit   .   (no helmet)
rElec    .         Reflect  +   k - +2 cloak
rCorr    .         Harm     .   (no gloves)
MR       .....                  (no boots)
Stlth    +++.......             p - +5 amulet of reflection
HPRegen  0.00/turn              (no ring)
MPRegen  0.08/turn              (no ring)

@: brilliant, agile, very slightly contaminated, rotting, invisible
A: rotting body, claws 1, carnivore, cold resistance 1, negative energy
resistance 3, inhibited regeneration, torment resistance, unbreathing
a: no special abilities


You were on level 2 of the Dungeon.
You were not hungry.

You visited 1 branch of the dungeon, and saw 2 of its levels.

You collected 119 gold pieces.

Inventory:

Hand Weapons
 a - a +2 dagger (weapon)
 b - a +0 blowgun
Missiles
 e - 7 poisoned needles
 f - 2 curare-tipped needles
Armour
 c - a +0 robe
 k - a +2 cloak (worn)
 q - a +0 ring mail (worn)
Jewellery
 p - a +5 amulet of reflection (around neck)
Scrolls
 h - a scroll of immolation {unknown}
 i - 3 scrolls of teleportation {unknown}
 j - a scroll of remove curse {unknown}
 l - a scroll of amnesia {unknown}
 m - 2 scrolls of identify {unknown}
 n - a scroll of fog {unknown}
Comestibles
 g - 5 rations


   Skills:
 + Level 2.7 Fighting
 + Level 2.2 Short Blades
 + Level 2.1 Throwing
 + Level 0.5 Armour
 + Level 1.2 Dodging
 + Level 4.7 Stealth
 + Level 0.5 Spellcasting


You had 3 spell levels left.
You didn't know any spells.
Your spell library was empty.

Dungeon Overview and Level Annotations

Branches:
Dungeon (2/15)

Altars:
The Shining One

Annotations:
D:2 Crazy Yiuf


Innate Abilities, Weirdness & Mutations

Your body is rotting away.
You thrive on raw meat.
You are immune to poison.
You have sharp fingernails.
You are carnivorous and can eat meat at any time.
Your flesh is cold resistant. (rC+)
You are immune to negative energy. (rN+++)
You do not regenerate when monsters are visible.
You are immune to unholy pain and torment.
You can survive without breathing.


Message History

Crazy Yiuf shouts!
Crazy Yiuf hits you but does no damage.
You are electrocuted!!
Ouch! That really hurt!
You are too injured to fight recklessly!
It was a potion of agility.
You feel agile all of a sudden.
Crazy Yiuf hits you with a +4 quarterstaff of chaos.
* * * LOW HITPOINT WARNING * * *
You fade into invisibility!
You are very lightly contaminated with residual magic.
It was a potion of brilliance.
You feel clever all of a sudden.
You hit Crazy Yiuf.
Crazy Yiuf is lightly wounded.
Crazy Yiuf barely misses you.
You hit Crazy Yiuf but do no damage. You hit Crazy Yiuf.
Crazy Yiuf is lightly wounded.
Crazy Yiuf hits you with a +4 quarterstaff of chaos!
You die...

#...#...##
♣...♣♣ #.# #..#
#.......# ♣♣.♣♣
#†# #..#
#######.## ♣.♣♣
#.# #..# ####
#...†# ♣♣.♣ #.#
#..#### ...#
#.#.## ♣.♣♣ #.#
#...... ##.##
#.#.# ♣♣.♣
#.####.###.#
#...###.#.##
##'##
#...<......#
.........#.#
#...#
############
.(..###.####
#g@.# ...###.##
#..)#
.######.####
##### .#
#....#.# .#
#.#.#.##########
.#
#.........(....#
##
################
##### #...#
######


You could see Crazy Yiuf.

Vanquished Creatures
  A gnoll (D:1)
  An adder (D:2)
  A worm (D:2)
  A dart slug (D:1)
  8 bats
  A giant cockroach (D:1)
  3 goblins (D:1)
  4 jackals (D:1)
  3 frilled lizards
  6 kobolds
  4 rats
33 creatures vanquished.

Notes
Turn   | Place    | Note
-------+----------+-------------------------------------------
     0 | D:1      | Borgoz the Ghoul Assassin began the quest for the Orb.
     0 | D:1      | Reached XP level 1. HP: 17/17 MP: 0/0
    62 | D:1      | Reached skill level 1 in Dodging
   113 | D:1      | Reached XP level 2. HP: 7/25 MP: 1/1
   667 | D:1      | HP: 1/25 [gnoll/+0 spear (3)]
   874 | D:1      | Reached XP level 3. HP: 7/30 MP: 2/2
  1564 | D:2      | Found a faded altar of an unknown god.
  1705 | D:2      | Found a glowing golden altar of the Shining One.
  2063 | D:2      | Found a runed translucent door.
  2064 | D:2      | Noticed Crazy Yiuf
  2321 | D:2      | Slain by Crazy Yiuf

Skill      XL: |  1  2 |
---------------+-------+-----
Dodging        | 1 |  1.2
Throwing       | 2 |  2.1
Short Blades   | 2 |  2.2
Fighting       | |  2.7
Armour         | |  0.5
Stealth        | |  4.7
Spellcasting   | |  0.5

Action                   || total
-------------------------++-------
Melee: Dagger            ||   144
 Fire: Blowgun           ||     5
  Use: Potion            ||     4
 Stab: Sleeping          ||    10
  Eat: Chunk             ||    11
Armor: Robe              ||    36
       Ring mail         ||     4
Dodge: Dodged            ||    98
Block: Other             ||     2
